 Dungeon Crawl Stone Soup version 0.16.2-12-gd0ad4c3 (webtiles) character file.

164 Britaniac the Changer (level 5, -3/44 HPs)
             Began as a Naga Transmuter on Oct 26, 2015.
             Killed from afar by kraktruk's ghost (4 damage)
             ... with a magic dart
             ... on level 3 of the Dungeon.
             The game lasted 00:12:26 (3438 turns).

Britaniac the Changer (Naga Transmuter)             Turns: 3438, Time: 00:12:26

Health: -3/44      AC:  2    Str: 12    XL:     5   Next: 45%
Magic:  7/9        EV: 24    Int: 15    God:
Gold:   183        SH:  0    Dex: 21    Spells: 2 memorised, 4 levels left

rFire  . . .     SeeInvis +     e - melded +2 dagger (speed)
rCold  . . .     Clarity  .     c - melded +1 robe
rNeg   . . .     SustAb   .     (shield currently unavailable)
rPois  x         Gourm    .     (helmet currently unavailable)
rElec  .         Spirit   .     (cloak currently unavailable)
rCorr  .         Warding  .     (gloves currently unavailable)
rMut   .         Rnd*Tele +     (no barding)
MR     .....                    (no amulet)
Stlth  +++.......               (no ring)
                                q - ring of teleportation

@: agile, spider-form (expiring), not resistant to hostile enchantments, fairly
stealthy
A: spit poison, see invisible, (deformed body), (poison resistance), (slowness
0), AC +1
a: Spit Poison, End Transformation, Evoke Teleportation


You were on level 3 of the Dungeon.
You were hungry.
You were a venomous arachnid creature.
You visited 1 branch of the dungeon, and saw 3 of its levels.

You collected 183 gold pieces.

Inventory:

Hand weapons
 e - a +2 dagger of speed (melded)
Missiles
 b - 85 arrows
Armour
 c - a +1 robe (melded)
 i - a +0 robe of magic resistance
Jewellery
 q - a ring of teleportation (left front leg)
Potions
 f - a potion of beneficial mutation {unknown}
 g - a potion of brilliance {unknown}
 n - a potion of might {unknown}
 r - a potion of curing {unknown}
Books
 d - a book of Changes

   Spells                             Type                      Level
   a - Beastly Appendage              Transmutation                1
   b - Sticks to Snakes               Transmutation                2
   c - Spider Form                    Transmutation/Poison         3
   d - Ice Form                       Ice/Transmutation            4
   e - Blade Hands                    Transmutation                5
Comestibles
 a - 2 bread rations
 j - 5 fruits
 k - a beef jerky
 t - a meat ration


   Skills:
 - Level 1.0 Fighting
 - Level 1.5 Dodging
 - Level 3.0 Unarmed Combat
 - Level 2.0 Spellcasting
 * Level 5.4 Transmutations
 - Level 1.0 Poison Magic


You had 4 spell levels left.
You knew the following spells:

 Your Spells              Type           Power        Failure   Level  Hunger
a - Beastly Appendage     Trmt           ###...       10%         1    #......
b - Spider Form           Trmt/Pois      ##........   41%         3    ###....


Dungeon Overview and Level Annotations

Branches:
Dungeon (3/15)

Altars:
Ashenzari
Dithmenos
Fedhas
Qazlal
Sif Muna

Annotations:
D:3 Grinder; kraktruk's ghost, average DECj


Innate Abilities, Weirdness & Mutations

You cannot wear boots.
You can spit poison.
((Your serpentine skin is tough (AC +1).))
You have supernaturally acute eyesight.
((Armour fits poorly on your strangely shaped body.))
((Your system is resistant to poisons.))
((You cover ground very slowly.))


Message History

Kraktruk's ghost barely misses you.
You miss kraktruk's ghost.
Kraktruk's ghost is moderately damaged.
Grinder hits you!
You writhe in agony.
* * * LOW HITPOINT WARNING * * *
Kraktruk's ghost gestures at you while chanting.
The magic dart hits you!
* * * LOW HITPOINT WARNING * * *
You hit kraktruk's ghost.
Kraktruk's ghost is heavily damaged.
Grinder completely misses you.
You feel slightly jumpy.
q - a ring of teleportation (left front leg) Kraktruk's ghost closely misses you.
It was a potion of agility.
You feel agile all of a sudden. Grinder barely misses you.
Kraktruk's ghost casts a spell at you. The magic dart hits you!
You die...

######''#### #.....
#.......# #.....
#.......#######
###.##
#.............# #.
# #.............#
#.##
#.............#
#...
####..............#
....
........5..#'##...#
....
........s..#... ..#
....
........W..####. .
. .....!....# . ..
......##### ..
...... #. ..(.. #.
.... #. .. #. #.###


You could see Grinder and kraktruk's ghost.

Vanquished Creatures
  A worker ant (D:2)
  A gnoll (D:1)
  6 adders
  3 worms
  2 giant geckos
  An orc (D:3)
  2 giant cockroaches
  6 hobgoblins
  2 ball pythons
  6 bats
  A giant newt (D:2)
  5 goblins (D:2)
  2 jackals (D:1)
  12 kobolds
  A quokka (D:2)
  7 rats
58 creatures vanquished.

Notes
Turn   | Place    | Note
--------------------------------------------------------------
     0 | D:1      | Britaniac, the Naga Transmuter, began the quest for the Orb.
     0 | D:1      | Reached XP level 1. HP: 18/18 MP: 3/3
   348 | D:1      | Reached XP level 2. HP: 25/25 MP: 4/4
   530 | D:1      | HP: 1/25 [gnoll/spear (5)]
  1004 | D:1      | Reached XP level 3. HP: 31/31 MP: 6/6
  1011 | D:1      | Learned a level 3 spell: Spider Form
  1384 | D:2      | Found a blossoming altar of Fedhas.
  1625 | D:2      | Found a stormy altar of Qazlal.
  1673 | D:2      | Reached skill level 4 in Transmutations
  1748 | D:2      | Reached XP level 4. HP: 38/38 MP: 7/7
  2573 | D:2      | Reached skill level 5 in Transmutations
  2641 | D:2      | Reached XP level 5. HP: 44/44 MP: 9/9
  2653 | D:2      | Found a deep blue altar of Sif Muna.
  2792 | D:3      | Found a shattered altar of Ashenzari.
  2793 | D:3      | Found a shadowy altar of Dithmenos.
  3165 | D:3      | Reached skill level 1 in Poison Magic
  3422 | D:3      | Noticed kraktruk's ghost (average DECj)
  3431 | D:3      | Noticed Grinder
  3435 | D:3      | HP: 1/44 [kraktruk's ghost/magic dart (11)]
  3438 | D:3      | Killed from afar by kraktruk's ghost

Action                   |  1- 3 |  4- 6 || total
-------------------------+-------+-------++-------
Melee: Dagger            |    51 |    56 ||   107
       Unarmed           |     6 |    23 ||    29
 Cast: Spider Form       |     1 |     3 ||     4
 Abil: Spit Poison       |    35 |    38 ||    73
  Use: Scroll            |       |     8 ||     8
       Potion            |       |     1 ||     1
  Eat: Chunk             |     5 |     7 ||    12
